 Dungeon Crawl Stone Soup version 0.20.0-15-g7f486f2 (webtiles) character file.

147298 tselfspeed the Executioner (level 16, -6/159 HPs)
             Began as a Minotaur Berserker on June 19, 2017.
             Was a High Priest of Trog.
             Mangled by Polyphemus (13 damage)
             ... on level 3 of the Shoals.
             The game lasted 00:30:20 (24706 turns).

tselfspeed the Executioner (Minotaur Berserker)    Turns: 24706, Time: 00:30:21

Health: -6/159     AC: 16    Str: 24    XL:     16   Next: 61%
Magic:  5/5        EV: 18    Int:  4    God:    Trog [*****.]
Gold:   1166       SH:  9    Dex: 15    Spells: 15/15 levels left

rFire    . . .     SeeInvis .   x - +7 broad axe (antimagic)
rCold    . . .     Gourm    .   Q - +2 buckler
rNeg     . . .     Faith    .   K - +1 storm dragon scales
rPois    .         Spirit   .   P - +0 hat
rElec    +         Reflect  .   (no cloak)
rCorr    .         Harm     .   (no gloves)
MR       ++...                  (no boots)
Stlth    ..........             (no amulet)
Regen    0.4/turn               H - +3 ring of evasion
MPRegen  0.1/turn               t - ring of protection from magic

@: berserk cooldown, very slightly contaminated, slowed, invisible, very slow
A: retaliatory headbutt, horns 2
}: 1/15 runes: gossamer
a: Berserk, Trog's Hand, Brothers in Arms, Burn Spellbooks, Renounce Religion


You were on level 3 of the Shoals.
You worshipped Trog.
Trog was extremely pleased with you.
You were hungry.

You visited 4 branches of the dungeon, and saw 23 of its levels.

You collected 1166 gold pieces.

Inventory:

Hand Weapons
 s - the +8 war axe "Grim" {freeze, rPois rN+ Dex-5}
   (You found it on level 7 of the Dungeon)

   It has been specially enchanted to freeze those struck by it, causing extra
   injury to most foes and up to half again as much damage against particularly
   susceptible opponents.
   It can also slow down cold-blooded creatures.
   It affects your dexterity (-5).
   It protects you from poison.
   It protects you from negative energy.
 x - a +7 antimagic broad axe (weapon)
Armour
 K - +1 storm dragon scales (worn)
 P - a +0 hat (worn)
 Q - a +2 buckler (worn)
Jewellery
 g - an uncursed ring of see invisible
 t - a ring of protection from magic (right hand)
 F - an uncursed ring of resist corrosion
 G - an uncursed ring of protection from fire
 H - a +3 ring of evasion (left hand)
 I - an uncursed ring of flight
 N - an uncursed ring of protection from cold
Wands
 b - a wand of acid (3/15)
 m - a wand of polymorph (13/24)
 u - a wand of lightning (2/15)
 B - a wand of paralysis (4/24)
 E - a wand of digging (24/24)
 S - a wand of iceblast (4/15)
Scrolls
 d - 2 scrolls of fog
 e - a scroll of recharging
 f - a scroll of enchant weapon
 j - 11 scrolls of remove curse
 n - 2 scrolls of teleportation
 p - a scroll of brand weapon
 w - a scroll of fear
 y - 3 scrolls of summoning
 J - 2 scrolls of holy word
 L - 2 scrolls of silence
 M - 3 scrolls of identify
Potions
 a - a potion of resistance {unknown}
 h - 2 potions of lignification
 i - 6 potions of curing
 o - 4 potions of ambrosia
 q - a potion of invisibility
 r - a potion of might
 v - 2 potions of brilliance
 z - 3 potions of agility
 A - 2 potions of cancellation
 U - a potion of haste
Miscellaneous
 D - a phantom mirror
Comestibles
 c - 6 bread rations
 k - 4 meat rations
 l - 34 fruits
 C - 2 royal jellies
 O - a chunk of flesh


   Skills:
 + Level 18.9 Fighting
 - Level 21.9 Axes
 + Level 11.1 Armour
 + Level 10.6 Dodging
 + Level 10.6 Shields


You had 15 spell levels left.
You didn't know any spells.

Dungeon Overview and Level Annotations

Branches:
Dungeon (10/15)            Temple (0/1) D:7            Lair (6/6) D:10
 Shoals (3/4) Lair:4       Spider (4/4) Lair:3        Slime (0/5) Lair:6
    Orc: D:9-12

Altars:
Ashenzari
Fedhas
Gozag
Qazlal
Ru
Uskayaw
Xom
Jiyva

Annotations:
Shoals:3 Polyphemus
Spider:3 3 exclusions


Innate Abilities, Weirdness & Mutations

You reflexively headbutt those who attack you in melee.
You have a pair of horns on your head.


Message History

* * * LOW HITPOINT WARNING * * *
Your unstable footing causes you to fumble your attack.
You are too berserk!
You slice Polyphemus!!
You headbutt Polyphemus, but do no damage.
Polyphemus is lightly wounded.
Your unstable footing causes you to fumble your attack.
Polyphemus hits you but does no damage. x2
You slice Polyphemus like a ripe choko!!!
You headbutt Polyphemus.
Polyphemus is heavily wounded.
You are no longer berserk.
You are exhausted.
You feel yourself slow down.
Okay, then.
As you read the scroll of fear, it crumbles to dust.
You assume a fearsome visage.
Polyphemus easily resists.
Polyphemus hits you but does no damage. Polyphemus misses you.
Polyphemus closely misses you. Polyphemus hits you!
You die...

...≈≈≈≈≈..≈ .....##.....≈≈≈...≈≈
.......≈<≈≈≈≈≈.≈≈≈≈ ≈≈
....≈..≈≈≈≈≈..≈.≈≈≈ ≈≈≈
#.[≈≈≈≈≈≈≈≈.......≈
≈≈≈≈###(≈≈≈≈≈≈≈≈≈≈≈.....≈
≈≈≈≈≈≈.≈≈≈≈≈≈≈.≈≈≈≈≈.≈<...
≈≈≈≈≈≈≈≈≈C≈≈≈.≈≈≈≈≈≈≈≈....
≈≈≈≈≈≈≈≈≈@≈≈≈.≈≈≈≈≈≈≈≈≈≈.#
≈≈≈≈≈<≈≈†(≈≈≈≈≈≈≈≈≈≈≈≈≈..#
≈≈≈≈≈≈≈≈≈≈≈≈≈≈≈≈(≈≈≈≈≈≈≈≈≈≈≈≈..÷.
≈≈≈≈≈≈≈≈≈≈≈≈≈≈≈≈≈†(≈≈≈≈≈≈≈≈≈≈....
≈≈≈≈≈≈≈≈≈≈≈≈≈≈≈)≈≈≈≈≈≈≈≈≈≈≈≈≈≈≈≈≈
≈≈≈≈≈≈≈≈≈≈≈≈≈≈≈≈(≈≈≈≈≈≈≈≈≈≈≈≈≈≈≈(
≈≈≈≈≈≈≈≈≈≈≈≈≈≈≈≈≈≈≈≈≈≈≈≈≈≈≈..≈≈≈≈
≈≈≈≈PPPP≈≈≈≈≈≈≈≈≈≈≈≈≈≈≈≈≈≈≈...≈≈≈
≈≈PPPP≈≈≈P≈≈≈≈≈≈≈≈≈≈≈≈≈≈≈≈..≈....


You could see Polyphemus.

Vanquished Creatures
  Kirke (Lair:6)
  2 ghost moths (Spider:4)
  4 emperor scorpions
  The ghost of antares the Impaler, a journeyman MfGl of Elyvilon (Lair:4)
  4 entropy weavers
  4 spark wasps
  4 merfolk impalers
  Josephine (Lair:5)
  A merfolk aquamancer (Shoals:2)
  A catoblepas (Shoals:3)
  3 hydras
  A two-headed ogre (D:8)
  The ghost of tselfspeed the Cleaver, a novice MiBe of Trog (D:10)
  A merfolk avatar (Shoals:1)
  14 death yaks
  Nergalle (D:10)
  3 sea snakes
  A necromancer (Lair:5)
  13 harpies
  15 orb spiders
  29 wolf spiders
  2 manticores
  9 fauns
  2 cyclopes (Shoals:2)
  A moth of wrath (Spider:1)
  4 merfolk sirens
  4 elephants
  2 torpor snails
  Psyche (D:8)
  9 spiny frogs
  A black mamba (Lair:5)
  2 water nymphs (Shoals:2)
  5 rime drakes
  8 komodo dragons
  7 demonic crawlers
  22 jumping spiders
  18 merfolk
  6 polar bears
  4 wind drakes
  A troll (D:9)
  8 blink frogs (Lair:6)
  Prince Ribbit (D:8)
  10 hornets
  13 dream sheep
  7 hippogriffs
  6 snapping turtles
  76 redbacks
  14 spriggans (Lair:6)
  5 wraiths (Lair:5)
  2 water elementals
  36 tarantellas
  A wyvern (D:9)
  27 yaks
  2 basilisks
  3 hogs (Lair:6)
  13 water moccasins
  7 porcupines
  An orc warrior (D:8)
  An ice beast (D:9)
  4 phantoms (D:9)
  2 black bears (Lair:6)
  3 elephant zombies (Lair:5)
  3 ogres
  4 boggarts (Lair:6)
  24 wolves
  7 centaurs
  11 crocodiles
  11 bullfrogs
  A big kobold (D:8)
  4 scorpions
  6 killer bees
  3 wights (D:7)
  4 electric eels (Lair:5)
  5 crimson imps
  A centaur zombie (D:8)
  2 hounds (D:8)
  An orc wizard (D:8)
  A bullfrog skeleton (D:5)
  4 iguanas
  2 worker ants
  2 crocodile zombies (Lair:5)
  A hound zombie (D:8)
  A hound skeleton (D:10)
  A howler monkey zombie (D:9)
  3 gnolls (D:6)
  7 adders
  4 shadow imps
  An ooze (D:6)
  An adder skeleton (D:5)
  6 leopard geckos
  8 orcs
  2 hobgoblins (D:2)
  6 jackals
  2 quokkas
  2 bats
  2 kobolds (D:1)
  3 rats
  9 fungi
  17 plants
627 creatures vanquished.

Vanquished Creatures (collateral kills)
  3 emperor scorpions (Spider:4)
  A ghost moth (Spider:4)
  A merfolk impaler (Shoals:3)
  A hydra (Lair:6)
  A moth of wrath (Spider:4)
  2 elephants (Lair:5)
  3 hornets (Spider:4)
12 creatures vanquished.

Vanquished Creatures (others)
  A human (Lair:6)
  7 fungi
  10 plants
  4 tentacles (Shoals:1)
22 creatures vanquished.

Grand Total: 661 creatures vanquished

Notes
Turn   | Place    | Note
-------+----------+-------------------------------------------
     0 | D:1      | tselfspeed the Minotaur Berserker began the quest for the Orb.
     0 | D:1      | Reached XP level 1. HP: 19/19 MP: 0/0
   147 | D:1      | Reached skill level 4 in Axes
   192 | D:2      | Reached XP level 2. HP: 27/27 MP: 1/1
   532 | D:4      | Found a shimmering altar of Xom.
   532 | D:4      | Found a shimmering altar of Xom.
   532 | D:4      | Found a shimmering altar of Xom.
   533 | D:4      | Found a shimmering altar of Xom.
   601 | D:5      | Entered Level 5 of the Dungeon
   649 | D:5      | Reached skill level 5 in Axes
   649 | D:5      | Reached XP level 3. HP: 29/33 MP: 2/2
   877 | D:6      | Noticed a scorpion
   890 | D:6      | Killed a scorpion
   890 | D:6      | Reached XP level 4. HP: 22/41 MP: 3/3
  1060 | D:6      | Noticed an ogre
  1065 | D:6      | Killed an ogre
  1065 | D:6      | Reached skill level 5 in Fighting
  1065 | D:6      | Reached skill level 6 in Axes
  1065 | D:6      | Reached XP level 5. HP: 48/48 MP: 4/4
  1073 | D:6      | Reached ** piety under Trog
  1163 | D:6      | Reached skill level 7 in Axes
  1165 | D:6      | Noticed a centaur
  1176 | D:6      | Killed a centaur
  1176 | D:6      | Reached XP level 6. HP: 40/56 MP: 5/5
  1558 | D:7      | Reached skill level 8 in Axes
  1558 | D:7      | Reached XP level 7. HP: 63/63 MP: 6/6
  1717 | D:7      | Got a scorched war axe
  1753 | D:7      | Reached skill level 9 in Axes
  1975 | D:7      | Identified the +8 war axe "Grim" {freeze, rPois rN+ Dex-5} (You found it on level 7 of the Dungeon)
  2096 | D:7      | Noticed a hippogriff
  2101 | D:7      | Killed a hippogriff
  2125 | D:7      | Found a staircase to the Ecumenical Temple.
  2189 | D:8      | Reached XP level 8. HP: 73/73 MP: 7/7
  2190 | D:8      | Reached skill level 10 in Axes
  2452 | D:8      | Noticed Psyche
  2460 | D:8      | Reached *** piety under Trog
  2460 | D:8      | Reached skill level 11 in Axes
  2460 | D:8      | Killed Psyche
  2539 | D:8      | Noticed Prince Ribbit
  2547 | D:8      | Killed Prince Ribbit
  2547 | D:8      | Reached XP level 9. HP: 82/82 MP: 8/8
  2593 | D:8      | Noticed a two-headed ogre
  2599 | D:8      | Reached skill level 12 in Axes
  2600 | D:8      | Killed a two-headed ogre
  2854 | D:9      | Found a sacrificial altar of Ru.
  2901 | D:9      | Reached skill level 13 in Axes
  2937 | D:9      | Noticed a troll
  2943 | D:9      | Killed a troll
  3123 | D:9      | Reached skill level 10 in Fighting
  3324 | D:9      | Found a shattered altar of Ashenzari.
  3528 | D:9      | Found a stormy altar of Qazlal.
  3528 | D:9      | Found an opulent altar of Gozag.
  3528 | D:9      | Found a hide-covered altar of Uskayaw.
  3540 | D:9      | Reached XP level 10. HP: 88/94 MP: 9/9
  3594 | D:9      | Reached skill level 14 in Axes
  3922 | D:10     | Entered Level 10 of the Dungeon
  3922 | D:10     | Noticed tselfspeed's ghost (novice MiBe)
  3929 | D:10     | Noticed Nergalle
  3931 | D:10     | Killed tselfspeed's ghost
  3945 | D:10     | Killed Nergalle
  4087 | D:10     | Found a staircase to the Lair.
  4135 | Lair:1   | Entered Level 1 of the Lair of Beasts
  4177 | Lair:1   | Noticed a spiny frog
  4186 | Lair:1   | Killed a spiny frog
  4186 | Lair:1   | Reached skill level 15 in Axes
  4694 | Lair:1   | Noticed a spiny frog
  4697 | Lair:1   | Killed a spiny frog
  4875 | Lair:2   | Noticed a five-headed hydra
  4882 | Lair:2   | Killed a nine-headed hydra
  5031 | Lair:2   | Reached XP level 11. HP: 99/104 MP: 10/10
  5058 | Lair:2   | Reached skill level 16 in Axes
  5633 | Lair:3   | Found a hole to the Spider Nest.
  5797 | Lair:3   | Noticed a five-headed hydra
  5804 | Lair:3   | Killed an eight-headed hydra
  5804 | Lair:3   | Reached **** piety under Trog
  6043 | Lair:3   | Reached skill level 17 in Axes
  6103 | Lair:3   | Found a blossoming altar of Fedhas.
  6771 | Lair:3   | Noticed a death yak
  6774 | Lair:3   | Noticed a death yak
  6775 | Lair:3   | Noticed a death yak
  6775 | Lair:3   | Noticed a death yak
  6775 | Lair:3   | Noticed a death yak
  6776 | Lair:3   | Killed a death yak
  6778 | Lair:3   | Noticed a death yak
  6784 | Lair:3   | Killed a death yak
  6786 | Lair:3   | Killed a death yak
  6789 | Lair:3   | Killed a death yak
  6795 | Lair:3   | Killed a death yak
  6795 | Lair:3   | Reached skill level 18 in Axes
  6795 | Lair:3   | Reached XP level 12. HP: 64/115 MP: 11/11
  6797 | Lair:3   | Killed a death yak
  7792 | Lair:4   | Noticed a death yak
  7793 | Lair:4   | Noticed a death yak
  7794 | Lair:4   | Noticed a death yak
  7795 | Lair:4   | Noticed a death yak
  7802 | Lair:4   | Killed a death yak
  7806 | Lair:4   | Killed a death yak
  7807 | Lair:4   | Killed a death yak
  7807 | Lair:4   | Reached skill level 19 in Axes
  7809 | Lair:4   | Killed a death yak
  8226 | Lair:4   | Reached ***** piety under Trog
  8370 | Lair:4   | Noticed antares's ghost (journeyman MfGl)
  8371 | Lair:4   | Found a staircase to the Shoals.
  8387 | Lair:4   | Killed antares's ghost
  8824 | Lair:5   | Noticed Josephine
  9118 | Lair:5   | Found a hide-covered altar of Uskayaw.
  9703 | Lair:5   | Noticed a six-headed hydra
  9715 | Lair:5   | Killed Josephine
  9715 | Lair:5   | Reached XP level 13. HP: 84/125 MP: 12/12
  9717 | Lair:5   | Reached skill level 15 in Fighting
  9717 | Lair:5   | Reached skill level 20 in Axes
 10367 | Lair:6   | Entered Level 6 of the Lair of Beasts
 11077 | Lair:6   | Received a gift from Trog
 11579 | Lair:6   | Noticed Kirke
 11592 | Lair:6   | Killed Kirke
 11592 | Lair:6   | Reached skill level 21 in Axes
 12368 | Lair:6   | Reached XP level 14. HP: 137/137 MP: 13/13
 12462 | Lair:6   | Received a gift from Trog
 12636 | Lair:6   | Found a viscous altar of Jiyva.
 12636 | Lair:6   | Found a staircase to the Slime Pits.
 12924 | Spider:1 | Entered Level 1 of the Spider Nest
 13148 | Spider:1 | Reached skill level 1 in Shields
 13159 | Spider:1 | Noticed an entropy weaver
 13168 | Spider:1 | Killed an entropy weaver
 14473 | Spider:1 | Noticed an entropy weaver
 14489 | Spider:1 | Killed an entropy weaver
 14557 | Spider:2 | Reached skill level 5 in Armour
 14701 | Spider:2 | Noticed an entropy weaver
 14710 | Spider:2 | Killed an entropy weaver
 14712 | Spider:2 | Reached skill level 5 in Dodging
 14933 | Spider:2 | Noticed an entropy weaver
 14946 | Spider:2 | Killed an entropy weaver
 15277 | Spider:2 | Reached skill level 5 in Shields
 15388 | Spider:2 | Reached ****** piety under Trog
 15627 | Spider:2 | Received a gift from Trog
 16675 | Spider:3 | Reached XP level 15. HP: 139/147 MP: 14/14
 17844 | Spider:4 | Entered Level 4 of the Spider Nest
 18263 | Spider:4 | Killed a ghost moth
 18619 | Spider:4 | Killed a ghost moth
 19018 | Spider:4 | Received a gift from Trog
 19670 | Spider:4 | Received a gift from Trog
 20038 | Spider:4 | Killed a ghost moth
 20072 | Spider:4 | Got a gossamer rune of Zot
 21355 | Shoals:1 | Entered Level 1 of the Shoals
 21358 | Shoals:1 | Reached XP level 16. HP: 144/158 MP: 15/15
 21956 | Shoals:1 | Reached skill level 10 in Armour
 22087 | Shoals:1 | Noticed a kraken
 22554 | Shoals:2 | Received a gift from Trog
 22816 | Shoals:2 | Reached skill level 10 in Shields
 23198 | Shoals:2 | Reached skill level 10 in Dodging
 24343 | Shoals:3 | Got a smoking broad axe
 24412 | Shoals:3 | Identified the +1 broad axe "Beezeubuac" {flame, +Inv rElec rC-} (You found it on level 3 of the Shoals)
 24684 | Shoals:3 | Noticed Polyphemus
 24701 | Shoals:3 | HP: 8/238 [Polyphemus (17)]
 24706 | Shoals:3 | Mangled by Polyphemus

Skill      XL: |  1  2  3  4  5  6  7  8  9 10 11 12 13 14 15 16 |
---------------+-------------------------------------------------+-----
Axes           | 4 5 6 7 8 9 11 13 15 18 19 21 | 21.9
Fighting       | 4 5 6 7 8 10 11 13 14 16 17 18 | 18.9
Shields        | 5 9 10 | 10.6
Armour         | 6 9 11 | 11.1
Dodging        | 6 9 10 | 10.6

Action                   |  1- 3 |  4- 6 |  7- 9 | 10-12 | 13-15 | 16-18 || total
-------------------------+-------+-------+-------+-------+-------+-------++-------
Melee: Hand axe          |    51 |    57 |    39 |       |       |       ||   147
       Headbutt          |     8 |    15 |    18 |    53 |   144 |    71 ||   309
       War axe           |       |       |    99 |   289 |   800 |   133 ||  1321
       Broad axe         |       |       |       |       |    29 |   204 ||   233
Invok: Berserk           |       |     2 |     5 |    12 |    26 |     8 ||    53
       Burn Spellbooks   |       |     1 |       |     1 |     1 |       ||     3
       Trog's Hand       |       |       |       |     2 |     6 |     2 ||    10
       Brothers in Arms  |       |       |       |       |     3 |     1 ||     4
Evoke: Wand              |       |       |       |       |     2 |       ||     2
  Use: Scroll            |       |       |     1 |     8 |    23 |     2 ||    34
       Potion            |       |       |       |     4 |     5 |     2 ||    11
 Stab: Distracted        |       |       |       |       |     4 |       ||     4
  Eat: Chunk             |       |     3 |    11 |    17 |    32 |    19 ||    82
       Bread ration      |       |       |       |     3 |     5 |       ||     8
       Fruit             |       |       |       |       |     6 |       ||     6
       Royal jelly       |       |       |       |       |     1 |       ||     1
       Meat ration       |       |       |       |       |     1 |       ||     1
Armor: Ring mail         |    22 |    14 |    38 |    19 |       |       ||    93
       Animal skin       |     1 |       |       |       |       |       ||     1
       Storm dragon scal |       |       |       |    71 |   346 |    95 ||   512
Dodge: Dodged            |    25 |    37 |    63 |   114 |   419 |   217 ||   875
Block: Buckler           |       |       |       |       |   174 |   152 ||   326
